 Dungeon Crawl Stone Soup version 0.22-a0-274-gf8199ec (webtiles) character file.

46 Amnesiac the Magician (level 3, 0/21 HPs)
             Began as a Deep Elf Wizard on Mar 15, 2018.
             Slain by an iguana (13 damage)
             ... on level 2 of the Dungeon.
             The game lasted 00:01:44 (1039 turns).

Amnesiac the Magician (Deep Elf Wizard)             Turns: 1039, Time: 00:01:45

Health: 0/21       AC:  5    Str:  4    XL:     3   Next: 44%
Magic:  0/11       EV: 13    Int: 25    God:
Gold:   106        SH:  0    Dex: 13    Spells: 0/11 levels left

rFire    . . .     SeeInvis .   i - +3 short sword (holy)
rCold    . . .     Gourm    .   (no shield)
rNeg     . . .     Faith    .   a - +0 robe
rPois    .         Spirit   .   b - +0 hat
rElec    .         Reflect  .   (no cloak)
rCorr    .         Harm     .   (no gloves)
MR       +....                  (no boots)
Stlth    ++........             (no amulet)
HPRegen  0.07/turn              (no ring)
MPRegen  0.12/turn              (no ring)

@: no status effects
A: icy blue scales 1, clever 1, magic resistance 1, shaggy fur 1
a: no special abilities


You were on level 2 of the Dungeon.
You were not hungry.

You visited 1 branch of the dungeon, and saw 2 of its levels.

You collected 106 gold pieces.

Inventory:

Hand Weapons
 i - a +3 short sword of holy wrath (weapon)
Armour
 a - a +0 robe (worn)
 b - a +0 hat (worn)
Jewellery
 l - an uncursed ring of see invisible {unknown}
Scrolls
 c - a scroll of enchant armour {!r, unknown}
 h - a scroll of magic mapping {!r, unknown}
 j - 3 scrolls of enchant weapon {!r}
 m - a scroll of fear {!r, unknown}
Potions
 e - 3 potions of haste {!q, unknown}
 g - a potion of mutation {!q}
 k - a potion of heal wounds {!q, unknown}
Comestibles
 d - 3 rations
 f - 10 chunks of flesh


   Skills:
 * Level 2.0 Fighting
 - Level 2.4 Dodging
 - Level 2.4 Stealth
 - Level 4.5 Spellcasting
 + Level 2.2 Conjurations
 - Level 1.1 Summonings
 - Level 1.1 Translocations


You couldn't memorise any spells.
You knew the following spells:

 Your Spells              Type           Power        Failure   Level  Hunger
a - Magic Dart            Conj           ###.         3%          1    None
b - Call Imp              Summ           ##......     9%          2    None
e - Mephitic Cloud        Conj/Pois/Air  #.......     19%         3    ##.....
s - Conjure Flame         Conj/Fire      ##......     17%         3    ##.....
v - Blink                 Tloc           N/A          9%          2    None


Dungeon Overview and Level Annotations

Branches:
Dungeon (2/15)

Altars:


Innate Abilities, Weirdness & Mutations

You are partially covered in icy blue scales. (AC +2)
Your mind is acute. (Int +2)
You are resistant to hostile enchantments. (MR+)
You are covered in fur. (AC +1)


Message History

Aiming: Magic Dart (safe; 3% risk of failure)
Press: ? - help, Shift-Dir - straight line, f - iguana
Aim: an iguana (resting)
The magic dart hits the iguana.
The iguana moves out of view.
Found a green potion.
Casting: Magic Dart (safe; 3% risk of failure)
Confirm with . or Enter, or press ? or * to list all spells.
Aiming: Magic Dart (safe; 3% risk of failure)
Press: ? - help, Shift-Dir - straight line, f/p - iguana
Aim: an iguana The magic dart hits the iguana.
The iguana is moderately wounded.
An iguana is nearby!
Casting: Magic Dart (safe; 3% risk of failure)
Confirm with . or Enter, or press ? or * to list all spells.
Aiming: Magic Dart (safe; 3% risk of failure)
Press: ? - help, Shift-Dir - straight line, f/p - iguana
Aim: an iguana (moderately wounded)
The magic dart hits the iguana.
The iguana is moderately wounded.
Casting: Magic Dart (safe; 3% risk of failure)
Confirm with . or Enter, or press ? or * to list all spells.
You don't have enough magic to cast that spell.
Casting: Magic Dart (safe; 3% risk of failure)
Confirm with . or Enter, or press ? or * to list all spells.
You don't have enough magic to cast that spell.
Casting: Magic Dart (safe; 3% risk of failure)
Confirm with . or Enter, or press ? or * to list all spells.
You don't have enough magic to cast that spell.
Casting: Magic Dart (safe; 3% risk of failure)
Confirm with . or Enter, or press ? or * to list all spells.
You don't have enough magic to cast that spell.
Casting: Magic Dart (safe; 3% risk of failure)
Confirm with . or Enter, or press ? or * to list all spells.
You don't have enough magic to cast that spell.
The iguana hisses menacingly.
Casting: Magic Dart (safe; 3% risk of failure)
Confirm with . or Enter, or press ? or * to list all spells.
You don't have enough magic to cast that spell.
The iguana misses you.
You see here a club.
Casting: Magic Dart (safe; 3% risk of failure)
Confirm with . or Enter, or press ? or * to list all spells.
A beastly little devil appears in a puff of flame.
The iguana closely misses you.
You hit the iguana but do no damage.
The iguana is lightly wounded.
The iguana bites you!
You closely miss the iguana.
The iguana is lightly wounded.
The iguana misses you.
Your crimson imp blinks!
Casting: Call Imp (safe; 9% risk of failure)
Confirm with . or Enter, or press ? or * to list all spells.
A beastly little devil appears in a puff of flame.
The iguana closely misses you.
Some of the chunks of flesh in your inventory have rotted away.
You completely miss the iguana.
The iguana is lightly wounded.
The iguana misses you.
Your crimson imp blinks!
The iguana bites you!
Ouch! That really hurt!
You die...

###########..# #......# #...#
#........)##.# #..#...###...#
#.........##.## #.##...##..#.#
#.........##..#####.##..)#...#.##
#..<......###...##..##.....#.#...
#...............#.§.#..#..##.###.
#.(.......####....#...##.##.....#
#.........# ##..5...............
#.........# ##@l#).##.###.....#
########### ##.).....###.....#
#....#..#...#.###
#5.#(#......#.###
#.##..÷.###.#....
####..........### #.....##..## #
#....###### #....#


You could see an iguana and 2 friendly crimson imps.

Vanquished Creatures
  An adder (D:2)
  A worm (D:2)
  A dart slug (D:2)
  2 ball pythons (D:2)
  3 giant cockroaches
  4 hobgoblins
  5 kobolds
  2 bats
  4 frilled lizards
  6 goblins
  2 rats
31 creatures vanquished.

Notes
Turn   | Place    | Note
-------+----------+-------------------------------------------
     0 | D:1      | Amnesiac the Deep Elf Wizard began the quest for the Orb.
     0 | D:1      | Reached XP level 1. HP: 10/10 MP: 7/7
   192 | D:1      | Reached skill level 1 in Fighting
   192 | D:1      | Reached XP level 2. HP: 14/16 MP: 1/9
   444 | D:1      | Gained mutation: You are covered in fur. (AC +1) [potion of mutation]
   444 | D:1      | Gained mutation: You are partially covered in icy blue scales. (AC +2) [potion of mutation]
   444 | D:1      | Gained mutation: Your mind is acute. (Int +2) [potion of mutation]
   444 | D:1      | Gained mutation: You are resistant to hostile enchantments. (MR+) [potion of mutation]
   784 | D:2      | Reached XP level 3. HP: 16/21 MP: 0/11
   863 | D:2      | Learned a level 2 spell: Blink
   866 | D:2      | Learned a level 2 spell: Call Imp
   870 | D:2      | Learned a level 3 spell: Conjure Flame
   874 | D:2      | Learned a level 3 spell: Mephitic Cloud
  1039 | D:2      | Slain by an iguana

Vault maps used:
D:1:      mainiacjoe_arrival_reflecting_pool
D:2:      first_ration

Skill      XL: |  1  2  3 |
---------------+----------+-----
Fighting       | 1 2 |  2.0
Conjurations   | 2 |  2.2
Dodging        | |  2.4
Stealth        | |  2.4
Spellcasting   | |  4.5
Summonings     | |  1.1
Translocations | |  1.1

Action                   || total
-------------------------++-------
Melee: Unarmed           ||     3
       Short sword       ||     8
 Cast: Magic Dart        ||    68
       Call Imp          ||     2
  Use: Scroll            ||     2
       Potion            ||     1
Armor: Robe              ||     5
Dodge: Dodged            ||    16

Table legend:
 A = Spawn XP
 B = Non-spawn XP
 C = Spawn XP percentage of total XP
 D = Spawn monster count
 E = Non-spawn monster count
 F = Spawn count percentage of total count
 G = Total turns spent on level
                    A         B        C        D         E        F      G
               +---------+---------+-------+---------+---------+-------+---------
         Total |       0 |      66 |   0.0 |       0 |      31 |   0.0 |  1039
               +---------+---------+-------+---------+---------+-------+---------
           D:1 |       0 |      25 |   0.0 |       0 |      16 |   0.0 |   739
           D:2 |       0 |      41 |   0.0 |       0 |      15 |   0.0 |   300
               +---------+---------+-------+---------+---------+-------+---------
